 Dungeon Crawl Stone Soup version 0.31-a0-604-g8e0283293c (webtiles) character file.

Game seed: 15609162953168393546

173206 tilp the Bewitcher (level 17, 0/138 HPs)
             Began as a Vampire Enchanter on Aug 21, 2023.
             Was the Champion of Wu Jian.
             Killed from afar by a merfolk aquamancer (29 damage)
             ... with a torrent of water
             ... on level 1 of the Shoals.
             The game lasted 01:23:00 (38329 turns).

tilp the Bewitcher (Vampire Enchanter)             Turns: 38329, Time: 01:23:01

Health: 0/138      AC: 21    Str:  7    XL:     17   Next: 17%
Magic:  5/31       EV: 16    Int: 24    God:    Wu Jian [******]
Gold:   569        SH: 11    Dex: 22    Spells: 2/36 levels left

rFire   + . .        a - +7 dagger (elec)
rCold   . . .        d - +0 buckler
rNeg    . . .        R - +4 ring mail {rF+}
rPois   +            K - +1 helmet
rElec   .            b - +2 cloak {rPois}
rCorr   .            g - +2 pair of gloves
SInv    +            M - +1 pair of boots
Will    ++...        G - amulet of reflection
Stlth   ++++++       f - ring of willpower
HPRegen 0.63/turn    y - +6 ring of dexterity
MPRegen 0.22/turn

%: reflection
@: healing quickly, studying 2 skills
A: alive, fangs 3, see invisible, vampiric 2
}: 1/15 runes: serpentine
a: Exsanguinate, Renounce Religion, Wall Jump, Serpent's Lash, Heavenly Storm


You were on level 1 of the Shoals.
You worshipped Wu Jian.
Wu Jian was exalted by your worship.
You visited 5 branches of the dungeon, and saw 27 of its levels.

You collected 2588 gold pieces.
You spent 2019 gold pieces at shops.

Inventory:

Hand Weapons
 a - a +7 dagger of electrocution (weapon)
 W - a +5 double sword of protection
Missiles
 e - 13 curare-tipped darts
 h - 11 boomerangs
 j - 6 throwing nets
 n - 24 poisoned darts (quivered)
Armour
 b - a +2 cloak of poison resistance (worn)
 d - a +0 buckler (worn)
 g - a +2 pair of gloves (worn)
 K - a +1 helmet (worn)
 M - a +1 pair of boots (worn)
 N - a scarf of shadows
 P - a scarf of invisibility
 R - a +4 ring mail of fire resistance (worn)
Jewellery
 f - a ring of willpower (left hand)
 p - a ring of protection from cold
 s - a ring of resist corrosion
 y - a +6 ring of dexterity (right hand)
 G - an amulet of reflection (around neck)
 Y - an amulet of magic regeneration
Wands
 k - a wand of charming (9)
 m - a wand of mindburst (3)
 o - a wand of digging (9)
 t - a wand of roots (13)
 J - a wand of flame (46)
 U - a wand of polymorph (9)
Scrolls
 i - 4 scrolls of fog
 q - 4 scrolls of poison
 B - a scroll of revelation
 C - 9 scrolls of teleportation
 D - 4 scrolls of immolation
 H - 3 scrolls of fear
 L - 2 scrolls of identify
 Q - 3 scrolls of vulnerability
 X - a scroll of silence
 Z - 3 scrolls of amnesia
Potions
 c - 3 potions of invisibility
 l - a potion of enlightenment
 r - 7 potions of curing
 u - 3 potions of mutation
 v - 2 potions of attraction
 x - a potion of lignification
 z - 5 potions of heal wounds
 A - 3 potions of cancellation
 E - 5 potions of brilliance
 F - 2 potions of berserk rage
 I - 3 potions of ambrosia
 O - 5 potions of might
 V - 3 potions of resistance
Miscellaneous
 T - a phial of floods


   Skills:
 * Level 13.6 Fighting
 - Level 10.0 Short Blades
 + Level 5.4 Armour
 + Level 11.4 Dodging
 - Level 15.0 Stealth
 - Level 4.0 Shields
 + Level 10.1 Spellcasting
 - Level 4.0 Conjurations
 * Level 17.9 Hexes
 + Level 9.8 Transmutations
 - Level 8.0 Ice Magic
 + Level 3.2 Air Magic
 - Level 10.0 Evocations


You had 2 spell levels left.
You knew the following spells:

 Your Spells              Type           Power      Damage    Failure   Level
a - Ensorcelled Hibernat  Hex/Ice        100%       N/A       1%          2
b - Confusing Touch       Hex            78%        N/A       1%          3
c - Tukima's Dance        Hex            78%        N/A       1%          3
d - Dazzling Flash        Conj/Hex       100%       N/A       1%          3
e - Yara's Violent Unrav  Hex/Tmut       34%        3d14      2%          5
f - Metabolic Englaciati  Hex/Ice        32%        N/A       3%          5
g - Enfeeble              Hex            39%        N/A       13%         7
h - Slow                  Hex            100%       N/A       0%          1
i - Silence               Hex/Air        29%        N/A       9%          5

Your spell library contained the following spells:

 Spells                   Type           Power      Damage    Failure   Level
 Shock                    Conj/Air       100%       1d9       5%          1
 Foxfire                  Conj/Fire      84%        2x1d8     11%         1
 Poisonous Vapours        Pois/Air       38%        N/A       19%         2
 Apportation              Tloc           24%        N/A       24%         1
 Necrotise                Necr           48%        1d6       24%         1
 Summon Small Mammal      Summ           48%        N/A       24%         1
 Inner Flame              Hex/Fire       53%        N/A       1%          3
 Portal Projectile        Hex/Tloc       100%       N/A       1%          3
 Frozen Ramparts          Ice            100%       1d16      2%          3
 Leda's Liquefaction      Hex/Erth       26%        N/A       6%          4
 Swiftness                Air            27%        N/A       19%         3
 Mephitic Cloud           Conj/Pois/Air  23%        N/A       26%         3
 Petrify                  Tmut/Erth      35%        N/A       32%         4
 Airstrike                Air            13%        2d(2-18)  54%         4
 Call Canine Familiar     Summ           12%        N/A       58%         3
 Vampiric Draining        Necr           12%        2d6       58%         3
 Freezing Cloud           Conj/Ice/Air   18%        6-21      63%         5
 Passage of Golubria      Tloc           12%        N/A       94%         4
 Lee's Rapid Deconstruct  Erth           6%         3d6*      100%        5
 Plasma Beam              Fire/Air       9%         2x1d20    100%        6
 Starburst                Conj/Fire      10%        6d5       100%        6
 Haunt                    Necr/Summ      6%         N/A       100%        7
 Lehudib's Crystal Spear  Conj/Erth      10%        10d4      100%        8
 Summon Horrible Things   Summ           6%         N/A       100%        8


Dungeon Overview and Level Annotations

Branches:
Dungeon (15/15)            Temple (0/1) D:7            Lair (5/5) D:9
 Shoals (1/4) Lair:2        Snake (4/4) Lair:2        Slime (0/5) Lair:5
    Orc (2/2) D:12            Elf (0/3) Orc:2        Vaults (0/5) D:14
 Depths (0/4) D:15

Altars:
Cheibriados
Dithmenos
Gozag
Hepliaklqana
Kikubaaqudgha
Makhleb
Nemelex Xobeh
Qazlal
Ru
Sif Muna
Uskayaw
Wu Jian
Xom
Yredelemnul
Jiyva

Shops:
D:2 :   D:12 :   D:14 =   Orc:2 [[(:   Snake:1 (   Snake:3 (

Annotations:
D:14 Roxanne


Innate Abilities, Weirdness & Mutations

Your natural rate of healing is accelerated.
You have razor-sharp teeth.
You have supernaturally acute eyesight. (SInv)
You are afflicted with vampirism and can become a bat while bloodless.


Message History

* * * LOW HITPOINT WARNING * * *
The merfolk aquamancer gestures at you while chanting.
The shard of ice hits you!!!
* * * LOW HITPOINT WARNING * * *
The skyshark closely misses you.
The skyshark tail-slaps you but does no damage.
You block the skyshark's attack.
Unknown command.
Unknown command.
Unknown command.
You feel much better.
You block the merfolk aquamancer's attack.
The merfolk aquamancer casts a spell at you.
The shard of ice hits you!
* * * LOW HITPOINT WARNING * * *
The skyshark bites you but does no damage.
You block the skyshark's attack. The skyshark completely misses you.
The merfolk aquamancer hits you but does no damage.
You are electrocuted!
* * * LOW HITPOINT WARNING * * *
Blink to where?
Press: ? - help, Dir - move target
As you read the scroll of blinking, it crumbles to dust.
You feel yourself speed up.
The merfolk aquamancer gestures at you while chanting.
The ball of steam misses you.
Unknown command.
Your magical contamination has completely faded away.
You feel much better.
Press: ? - help, v - describe, . - travel
Here: a merfolk aquamancer, wielding a +0 rapier of venom and wearing a +0 robe (heavily wounded)
The floor.
Unknown command.
Okay, then.
As you read the scroll of summoning, it crumbles to dust.
Wisps of shadow whirl around you...
The merfolk aquamancer points at you and mumbles some strange words.
The torrent of water misses your merfolk.
The torrent of water hits you!!
You die...

≈≈≈≈~~...####~~##.≈~~.....
≈≈≈≈~~~......~~~##~...~..#
≈≈≈≈≈~~....§.mm##.....~..#
≈≈≈≈≈~........m##.~~....##
≈≈≈≈~~..§.m.#####.~~~...##
≈≈≈≈~~..#..## ##..~~......
≈≈≈≈~...##.####...~~~....(
≈≈≈~~....m...#...~~~~~~...
≈≈≈~~.E..@S.....~~~~~~...~
≈≈≈≈~~~.....)..~~~~~~~~~~~
≈≈≈≈~~~~~~...~~~~≈≈≈≈~~~~~
≈≈≈≈≈≈~~~~~~~~~~~≈≈≈≈≈≈~~~
≈≈≈≈≈≈≈≈≈~~~~~~~~≈≈≈≈≈≈≈≈≈
≈≈≈≈≈≈≈≈≈≈≈≈≈≈≈≈≈≈≈≈≈≈≈≈≈≈
≈≈≈≈≈≈≈≈≈≈≈≈≈≈≈≈≈≈≈≈≈
≈≈≈≈≈≈≈≈≈≈≈≈≈≈≈≈≈≈≈
≈≈≈≈≈≈≈≈≈≈≈≈≈≈≈


You could see a merfolk aquamancer, a friendly sea snake (summoned, wandering),
a friendly merfolk (summoned, wandering) and a friendly water elemental
(summoned, wandering).

Vanquished Creatures
  Rupert (D:13)
  Jorgrun (Orc:1)
  Agnes (Snake:4)
  Frances (D:13)
  9 nagarajas
  A frost giant (D:15)
  Louise (Snake:3)
  A very ugly thing (D:14)
  2 merfolk impalers (Shoals:1)
  2 salamander tyrants
  10 anacondas
  4 hydras
  An ogre mage (D:15)
  6 centaur warriors
  A death knight (D:8)
  2 boulder beetles
  15 naga warriors
  4 tengu warriors
  3 orc high priests (Orc:2)
  5 two-headed ogres
  15 death yaks
  3 shock serpents
  Urug (D:12)
  6 naga sharpshooters
  Sonja (D:10)
  2 skysharks (Lair:5)
  9 sea snakes
  A salamander mystic (Snake:4)
  Lodul (D:12)
  A goliath frog (Lair:5)
  8 naga ritualists
  A wizard (D:9)
  Pikel (D:6)
  2 deep elf pyromancers
  6 orc knights
  3 orc sorcerers (Orc:2)
  9 mana vipers
  3 manticores
  9 cyclopes
  3 ugly things (D:15)
  6 salamanders
  15 elephants
  26 black mambas
  A merfolk siren (Shoals:1)
  A guardian serpent (shapeshifter) (D:14)
  Maurice (Orc:1)
  A torpor snail (Lair:1)
  21 cane toads
  4 guardian serpents
  26 naga magi
  A gargoyle (D:13)
  5 rime drakes
  Psyche (D:8)
  3 komodo dragons
  An efreet (D:13)
  6 trolls
  2 tyrant leeches (Lair:5)
  A queen bee (D:10)
  10 blink frogs
  4 dream sheep (Lair:1)
  A hornet (D:10)
  A snapping turtle (Shoals:1)
  11 slime creatures
  Sigmund (D:2)
  A vampire (D:11)
  3 shadows
  5 basilisks
  7 wyverns
  A hog (shapeshifter) (D:8)
  3 wraiths
  29 yaks
  A wyvern (shapeshifter) (D:15)
  A water elemental (Shoals:1)
  A basilisk (shapeshifter) (D:15)
  16 humans
  9 vampire mosquitoes
  A steam dragon (D:9)
  51 nagas
  4 wargs
  2 acid dragons
  A two-headed ogre zombie (D:12)
  18 water moccasins
  15 orc warriors
  A black bear (Lair:1)
  14 ogres
  10 centaurs
  The ghost of flestrin the Covered, an amateur GrFi (D:3)
  A kobold brigand (D:9)
  A lemure (D:6)
  3 phantoms
  A gnoll sergeant (D:13)
  19 bullfrogs
  3 scorpions
  6 wights
  25 killer bees
  2 troll zombies (D:12)
  2 vampire bats (Lair:2)
  6 electric eels
  A howler monkey (D:6)
  2 centaur zombies (D:3)
  A jelly (D:5)
  2 hounds
  18 orc priests
  A bullfrog skeleton (D:3)
  2 sleepcaps
  Jessica (D:2)
  5 hell rats (Lair:4)
  3 iguanas
  18 orc wizards
  5 ogre zombies (D:12)
  4 gnolls (D:13)
  8 adders
  2 shadow imps
  2 white imps
  An ufetubus (D:4)
  A worm (D:2)
  4 dart slugs
  56 orcs
  18 bats
  8 endoplasms
  3 giant cockroaches (D:1)
  5 goblins
  5 hobgoblins
  6 quokkas
  3 training dummies (Snake:3)
  6 ball pythons
  3 frilled lizards (D:1)
  2 goblin zombies (D:12)
  2 hobgoblin zombies (D:12)
  8 kobolds
  2 orc skeletons (D:12)
  18 orc zombies (D:12)
  6 rats
  2 butterflies
804 creatures vanquished.

Vanquished Creatures (collateral kills)
  2 two-headed ogres (D:15)
  An orc knight (Orc:2)
  3 nagas
  3 orc warriors
  3 ogres
  2 wights
  An orc wizard (Orc:2)
  3 orcs (Orc:2)
  A goblin zombie (D:12)
19 creatures vanquished.

Vanquished Creatures (others)
  15 dancing weapons
15 creatures vanquished.

Grand Total: 838 creatures vanquished

Notes
Turn   | Place    | Note
-------+----------+-------------------------------------------
     0 | D:1      | tilp the Vampire Enchanter began the quest for the Orb.
     0 | D:1      | Reached XP level 1. HP: 13/13 MP: 3/3
   193 | D:1      | Reached XP level 2. HP: 20/20 MP: 5/5
   208 | D:1      | Learned a level 2 spell: Ensorcelled Hibernation
   613 | D:1      | Reached skill level 1 in Fighting
   664 | D:1      | Gained mutation: You are afflicted with vampirism and can
                  | become a bat while bloodless. [Vampire growth]
   664 | D:1      | Reached XP level 3. HP: 18/26 MP: 1/6
   668 | D:1      | Learned a level 3 spell: Confusing Touch
  1057 | D:2      | Noticed a scorpion
  1191 | D:2      | Killed a scorpion
  1192 | D:2      | Reached skill level 5 in Stealth
  1192 | D:2      | Reached skill level 5 in Hexes
  1192 | D:2      | Reached XP level 4. HP: 27/33 MP: 1/7
  1245 | D:2      | Noticed Sigmund
  1255 | D:2      | Killed Sigmund
  1256 | D:2      | Reached XP level 5. HP: 28/39 MP: 5/8
  1256 | D:2      | Reached XP level 6. HP: 33/46 MP: 5/9
  1533 | D:2      | Found Ikaus's Vocational Training.
  1546 | D:2      | Noticed Jessica
  1556 | D:2      | Killed Jessica
  1780 | D:2      | Learned a level 3 spell: Tukima's Dance
  1864 | D:3      | Found an opulent altar of Gozag.
  1944 | D:3      | Found a faded altar of an unknown god.
  2427 | D:3      | Found a runed translucent gate.
  2427 | D:3      | Found a runed translucent gate.
  2427 | D:3      | Found a runed translucent gate.
  2429 | D:3      | Noticed flestrin's ghost (amateur GrFi)
  2474 | D:4      | Reached XP level 7. HP: 52/52 MP: 11/11
  2501 | D:4      | Noticed a two-headed ogre
  2522 | D:4      | Killed a two-headed ogre
  2523 | D:4      | Reached skill level 5 in Short Blades
  2523 | D:4      | Reached skill level 6 in Hexes
  2523 | D:4      | Reached skill level 1 in Evocations
  2523 | D:4      | Reached XP level 8. HP: 10/60 MP: 4/13
  2789 | D:4      | Found an ornate altar of the Wu Jian Council.
  2809 | D:4      | Became a worshipper of the Wu Jian Council
  2974 | D:4      | Found a transporter.
  3017 | D:4      | Found a transporter.
  3081 | D:4      | Learned a level 3 spell: Dazzling Flash
  3105 | D:5      | Entered Level 5 of the Dungeon
  3157 | D:5      | Found a hide-covered altar of Uskayaw.
  3186 | D:5      | Found a basalt altar of Yredelemnul.
  3376 | D:5      | Found a snail-covered altar of Cheibriados.
  3442 | D:5      | Found Zin's Purification Station.
  3531 | D:5      | Bought a potion of curing for 90 gold pieces
  3874 | D:6      | Noticed Pikel
  3891 | D:6      | Killed Pikel
  3892 | D:6      | Reached skill level 5 in Fighting
  3892 | D:6      | Reached skill level 7 in Hexes
  3892 | D:6      | Reached XP level 9. HP: 68/68 MP: 7/15
  4242 | D:6      | Reached * piety under Wu Jian
  4360 | D:6      | Found a sparkling altar of Nemelex Xobeh.
  4709 | D:6      | Found a hazy altar of Hepliaklqana.
  4711 | D:6      | Found a faded altar of an unknown god.
  5127 | D:7      | Found a staircase to the Ecumenical Temple.
  5217 | D:7      | Reached skill level 8 in Hexes
  5346 | D:7      | Found a shadowy altar of Dithmenos.
  5538 | D:7      | Found a shimmering altar of Xom.
  5904 | D:7      | Found a shimmering blue altar of Sif Muna.
  6119 | D:8      | Noticed Psyche
  6123 | D:8      | Killed Psyche
  6124 | D:8      | Reached skill level 5 in Spellcasting
  6241 | D:7      | Reached skill level 10 in Stealth
  6241 | D:7      | Reached XP level 10. HP: 73/76 MP: 12/17
  6472 | D:8      | Found an ancient bone altar of Kikubaaqudgha.
  6798 | D:8      | Noticed a cyclops
  6824 | D:8      | Reached skill level 10 in Short Blades
  6827 | D:8      | Killed a cyclops
  6828 | D:8      | Noticed a death knight
  6850 | D:8      | Killed a death knight
  6850 | D:8      | Noticed a deep elf pyromancer
  6851 | D:8      | Reached skill level 1 in Conjurations
  6851 | D:8      | Reached skill level 1 in Ice Magic
  6949 | D:8      | Killed a deep elf pyromancer
  6950 | D:8      | Reached skill level 1 in Shields
  7695 | D:9      | Found a burning altar of Makhleb.
  7723 | D:9      | Reached skill level 9 in Hexes
  7812 | D:9      | Reached ** piety under Wu Jian
  8243 | D:9      | Reached skill level 5 in Dodging
  8243 | D:9      | Reached XP level 11. HP: 83/83 MP: 7/19
  8359 | D:9      | Found a staircase to the Lair.
  8540 | D:9      | Noticed a wizard
  8546 | D:9      | Killed a wizard
  8547 | D:9      | Reached skill level 10 in Hexes
  8725 | D:10     | Entered Level 10 of the Dungeon
  8903 | D:10     | Found a sacrificial altar of Ru.
  9021 | D:10     | Noticed Sonja
  9025 | D:10     | Killed Sonja
  9146 | D:10     | Reached *** piety under Wu Jian
  9414 | D:10     | Learned a level 5 spell: Yara's Violent Unravelling
  9525 | D:11     | Reached skill level 11 in Hexes
  9697 | D:11     | Noticed a two-headed ogre
  9702 | D:11     | Killed a two-headed ogre
  9703 | D:11     | Reached skill level 1 in Transmutations
 10022 | D:11     | Noticed a boulder beetle
 10028 | D:11     | Killed a boulder beetle
 10274 | Lair:1   | Entered Level 1 of the Lair of Beasts
 10359 | Lair:1   | Noticed a boulder beetle
 10365 | Lair:1   | Killed a boulder beetle
 10666 | Lair:1   | Reached skill level 12 in Hexes
 10666 | Lair:1   | Reached XP level 12. HP: 43/94 MP: 9/21
 11340 | Lair:2   | Found a staircase to the Shoals.
 11614 | Lair:2   | Reached **** piety under Wu Jian
 12002 | Lair:2   | Reached skill level 10 in Fighting
 12288 | Lair:2   | Found a staircase to the Snake Pit.
 12563 | Lair:3   | Noticed a seven-headed hydra
 12571 | Lair:3   | Killed a seven-headed hydra
 12819 | Lair:3   | Noticed a seven-headed hydra
 12823 | Lair:3   | Killed a seven-headed hydra
 12970 | Lair:3   | Reached XP level 13. HP: 45/103 MP: 1/23
 13181 | Lair:3   | Found the +5 scythe "Finisher" {speed, execute}
 14255 | Lair:4   | Reached ***** piety under Wu Jian
 14373 | Lair:4   | Reached skill level 13 in Hexes
 14966 | Lair:4   | Reached skill level 5 in Transmutations
 14972 | Lair:4   | Learned a level 5 spell: Metabolic Englaciation
 15242 | Lair:5   | Entered Level 5 of the Lair of Beasts
 16426 | Lair:5   | Reached skill level 14 in Hexes
 16447 | Lair:5   | Reached XP level 14. HP: 77/113 MP: 13/25
 17204 | Lair:5   | Got the Teachings on Beckoning and the Tektite
 17296 | Lair:5   | Found a viscous altar of Jiyva.
 17297 | Lair:5   | Found a staircase to the Slime Pits.
 17727 | D:2      | Bought a manual of Evocations for 800 gold pieces
 17970 | D:12     | Found a staircase to the Orcish Mines.
 17975 | D:12     | Noticed Urug
 18064 | D:12     | Killed Urug
 18479 | D:12     | Noticed Lodul
 18519 | D:12     | Killed Lodul
 18860 | D:12     | Identified the +9 falchion of the Genius {freeze, Str+6}
 19224 | D:12     | Found Mienwasi's Book Emporium.
 19447 | Orc:1    | Entered Level 1 of the Orcish Mines
 19584 | Orc:1    | Reached ****** piety under Wu Jian
 19645 | Orc:1    | Noticed Jorgrun
 19667 | Orc:1    | Killed Jorgrun
 19668 | Orc:1    | Reached skill level 15 in Hexes
 19686 | Orc:1    | Learned a level 7 spell: Enfeeble
 19819 | Orc:1    | Noticed Maurice
 19827 | Orc:1    | Killed Maurice
 20046 | Orc:2    | Entered Level 2 of the Orcish Mines
 20929 | Orc:2    | Found a staircase to the Elven Halls.
 21628 | Orc:2    | Reached skill level 10 in Dodging
 21864 | Orc:2    | Found Nalaecs's Antique Armour Emporium.
 21864 | Orc:2    | Found Doleset's Antique Armour Boutique.
 21866 | Orc:2    | Found Bingueli's Book Emporium.
 21866 | Orc:2    | Found Faegyseh's Weapon Boutique.
 21878 | Orc:2    | Bought a pair of runed gloves for 247 gold pieces
 21880 | Orc:2    | Bought a scorched scale mail for 297 gold pieces
 21880 | Orc:2    | Identified the +4 scale mail of Fisurch {rElec rPois MP-9
                  | Int+3} (You bought it in a shop on level 2 of the Orcish
                  | Mines)
 21880 | Orc:2    | Bought a shiny ring mail for 231 gold pieces
 21880 | Orc:2    | Bought a transparent scale mail for 297 gold pieces
 21880 | Orc:2    | Identified the +1 scale mail of Maqi Tiy {*Corrode rPois
                  | Str+3 Int+2} (You bought it in a shop on level 2 of the
                  | Orcish Mines)
 21896 | Orc:2    | Learned a level 1 spell: Slow
 22205 | D:3      | Killed flestrin's ghost
 22726 | D:13     | Noticed Rupert
 22779 | D:13     | Killed Rupert
 22780 | D:13     | Reached skill level 1 in Armour
 22780 | D:13     | Reached skill level 5 in Evocations
 23325 | D:13     | Noticed Frances
 23331 | D:13     | Killed Frances
 23332 | D:13     | Reached XP level 15. HP: 120/120 MP: 28/28
 23350 | D:14     | Found a gate to the Vaults.
 23423 | D:14     | Found Cuise's Jewellery Shop.
 23531 | D:14     | Noticed Roxanne
 23687 | D:14     | Reached skill level 15 in Stealth
 23906 | D:14     | Found a stormy altar of Qazlal.
 24674 | D:15     | Entered Level 15 of the Dungeon
 25642 | D:15     | Noticed a frost giant
 25654 | D:15     | Killed a frost giant
 25655 | D:15     | Reached skill level 5 in Ice Magic
 25843 | D:15     | Found a staircase to the Depths.
 26094 | Snake:1  | Entered Level 1 of the Snake Pit
 26638 | Snake:1  | Noticed a nagaraja
 26736 | Snake:1  | You fall into a shaft and drop 1 floor!
 26766 | Snake:1  | Found Leticalo's Weapon Boutique.
 27445 | Snake:1  | Noticed a nagaraja
 27447 | Snake:1  | Killed a nagaraja
 27789 | Snake:1  | Reached skill level 16 in Hexes
 28238 | Snake:1  | Reached XP level 16. HP: 129/129 MP: 24/29
 30330 | Snake:3  | Noticed Louise
 30342 | Snake:3  | Killed Louise
 30905 | Snake:3  | Found Cudiygox's Firing Range.
 31826 | Snake:3  | Learned a level 5 spell: Silence
 31882 | Snake:4  | Entered Level 4 of the Snake Pit
 32615 | Snake:4  | Reached skill level 1 in Air Magic
 33426 | Snake:4  | Reached skill level 17 in Hexes
 33546 | Snake:4  | Noticed Agnes
 33613 | Snake:4  | Killed Agnes
 34975 | Snake:4  | Reached skill level 10 in Evocations
 35461 | Snake:4  | Reached skill level 5 in Armour
 35673 | Snake:4  | Reached skill level 10 in Spellcasting
 35832 | Snake:4  | Identified the +8 chain mail of Tiguen {+Blink rC- rCorr
                  | Dex-3}
 36469 | Snake:4  | Reached XP level 17. HP: 131/137 MP: 20/31
 37555 | Snake:4  | Got a serpentine rune of Zot
 37734 | Snake:3  | Bought a throwing net for 57 gold pieces
 37852 | Shoals:1 | Entered Level 1 of the Shoals
 38322 | Shoals:1 | HP: 1/138 [merfolk aquamancer/shard of ice (39)]
 38329 | Shoals:1 | Killed from afar by a merfolk aquamancer

Illustrated notes

Levels and vault maps discovered:
D:1:      dpeg_arrival_ternary, layout_basic, grunt_decor_resistance
D:2:      layout_rooms, serial_park_tiny_2, serial_bayou_pond_c,
          nicolae_shop_vocational, uniq_sigmund, uniq_jessica
D:3:      layout_basic, mainiacjoe_overflow_brackets,
          hellmonk_ecumenical_altar_heavens_door, gammafunk_ghost_necromancy
D:4:      gammafunk_steamed_eel, layout_rooms, nicolae_wu_jian_wuxing_cycle
D:5:      layout_rooms, zin_purify, mainiacjoe_overflow_concentric_impassable,
          kennysheep_little_box, nicolae_uskayaw_dance_hall,
          dreamdust_mushroom_princess
D:6:      layout_cave_pods, nemelex_diamond_rough_becter,
          beargit_hepliaklqana_dungeon_heroes, dreamdust_princess_corridor,
          uniq_pikel
D:7:      layout_basic, grunt_dithmenos_shadows, xom_butterflies,
          kennysheep_mini_moat, minmay_temple_entry_stoned_glass,
          minmay_misc_feat_more_columns
D:8:      minmay_blocky_corners, layout_cave_pods, kiku_gazebo_garden_becter,
          uniq_psyche
D:9:      layout_roguey, marbit_many_paths, dpeg_oklobed_lair, minmay_librarian
D:10:     layout_roguey, mainiacjoe_overflow_small_starburst, minivault_7,
          uniq_sonja
D:11:     layout_loops_cross, minmay_misc_feat_diagonals, minivault_27
D:12:     layout_irregular_city, zombieorc2_lemuel, serial_shops,
          nicolae_shop_stone, bh_walls_and_bars, uniq_urug, uniq_lodul
D:13:     layout_basic, uniq_frances, uniq_rupert
D:14:     layout_basic, david_vaults_3, nicolae_qazlal_general_emergency,
          serial_shops, shop, uniq_roxanne
D:15:     grunt_enter_depths_snipers, layout_cave_pools, minivault_26
Lair:1:   layout_cave_pods, nzn_sisyphean_effort
Lair:2:   layout_regular_city, shoals_dummy_entry, nicolae_snake_entry_squirm,
          serial_bayou_pond_a, roderic_batcave, st_stairs_3, minivault_19
Lair:3:   layout_regular_city
Lair:4:   layout_loops_ring, grunt_megastairs_1
Lair:5:   minmay_lair_end_frog_pond, layout_cave_pods, dpeg_slime_entry_corner,
          eino_small_chamber_without_monster, lemuel_fruit_fields
Shoals:1: layout_shoals, nicolae_shoals_aquamancer_cove, uniq_mlioglotl
Snake:1:  nicolae_snake_hallway, layout_basic, nicolae_take_the_stairs,
          guppyfry_snake_island
Snake:2:  layout_chambers, lemuel_fruit_tree, grunt_megastairs_3
Snake:3:  layout_layer_cave, nicolae_shop_firing_range, uniq_louise
Snake:4:  grunt_snake_rune_pools, layout_misc_corridors, uniq_agnes
Orc:1:    layout_diamond_mine, uniq_maurice, uniq_jorgrun
Orc:2:    grunt_orc_tribal_feast, layout_caves, basic_altar

Skill      XL: |  1  2  3  4  5  6  7  8  9 10 11 12 13 14 15 16 17 |
---------------+----------------------------------------------------+-----
Fighting       | 1 2 3 4 5 6 8 10 11 12 13 | 13.6
Short Blades   | 2 3 4 5 6 9 10 | 10.0
Stealth        | 5 6 7 10 12 13 14 15 | 15.0
Hexes          | 5 6 7 8 9 12 14 15 16 17 | 17.9
Dodging        | 3 4 5 6 8 9 10 11 | 11.4
Spellcasting   | 3 4 5 6 7 9 10 | 10.1
Evocations     | 1 2 5 9 10 | 10.0
Conjurations   | 2 4 |  4.0
Ice Magic      | 2 4 6 8 |  8.0
Shields        | 2 4 |  4.0
Transmutations | 2 4 5 7 8 9 |  9.8
Armour         | 1 3 5 |  5.4
Air Magic      | 2 3 |  3.2

Action                     |  1- 3 |  4- 6 |  7- 9 | 10-12 | 13-15 | 16-18 || total
---------------------------+-------+-------+-------+-------+-------+-------++-------
  Melee: Dagger            |    97 |    95 |   226 |   362 |  1074 |   467 ||  2321
         Bite              |     9 |    11 |    30 |    53 |   159 |    72 ||   334
  Throw: Boomerang         |     1 |       |       |       |     1 |       ||     2
         Dart              |       |       |       |       |    22 |     4 ||    26
   Cast: Ensorcelled Hiber |     5 |    15 |    32 |   113 |   260 |   115 ||   540
         Confusing Touch   |       |       |     9 |    13 |    38 |    20 ||    80
         Tukima's Dance    |       |       |     3 |     6 |    53 |    31 ||    93
         Dazzling Flash    |       |       |       |    12 |    55 |    45 ||   112
         Yara's Violent Un |       |       |       |     1 |     7 |     3 ||    11
         Metabolic Englaci |       |       |       |       |    11 |    17 ||    28
         Enfeeble          |       |       |       |       |     3 |    32 ||    35
         Slow              |       |       |       |       |     1 |     1 ||     2
 Invoke: Serpent's Lash    |       |       |       |       |     1 |       ||     1
Ability: Lunge             |       |       |    28 |    38 |   103 |    51 ||   220
         Whirlwind         |       |       |     3 |     7 |    33 |    26 ||    69
  Evoke: Wand              |       |       |     2 |     3 |    18 |     3 ||    26
         Phial of floods   |       |       |       |       |     2 |       ||     2
    Use: Scroll            |     3 |     1 |    10 |    15 |    11 |     7 ||    47
         Potion            |       |       |       |       |     1 |     3 ||     4
   Stab: Sleeping          |    17 |    11 |    25 |    94 |   174 |    67 ||   388
         Confused          |       |       |     5 |    10 |    39 |    19 ||    73
         Distracted        |       |       |     1 |     1 |     7 |     3 ||    12
         Invisible         |       |       |       |    13 |    44 |    50 ||   107
         Fleeing           |       |       |       |       |     1 |       ||     1
 Armour: Robe              |    21 |    17 |    32 |    40 |    62 |       ||   172
         Ring mail         |       |       |       |       |    73 |   109 ||   182
  Dodge: Dodged            |    46 |    56 |    98 |   172 |   401 |   177 ||   950
  Block: Buckler           |    12 |    17 |    65 |   157 |   353 |   179 ||   783
         Reflection        |       |       |     3 |     6 |    28 |    42 ||    79

Table legend: (Time is in decaauts)
 A = Elapsed time spent in this place.
 B = Non-inter-level travel time spent in this place.
 C = Inter-level travel time spent in this place.
 D = Time resting spent in this place.
 E = Time spent auto-exploring this place.
 F = Levels seen in this place.
 G = Mean time per level.
                   A        B        C        D        E       F      G
               +--------+--------+--------+--------+--------+-----+--------+
         Total |  37807 |  34261 |   3546 |   7599 |  19387 |  27 | 1400.3 |
       Dungeon |  16053 |  14177 |   1876 |   1213 |  10329 |  15 | 1070.2 |
          Lair |   7242 |   6897 |    345 |   1175 |   4306 |   5 | 1448.4 |
        Shoals |    486 |    459 |     27 |    282 |     24 |   1 |  486.0 |
     Snake Pit |  11585 |  10492 |   1093 |   4370 |   3603 |   4 | 2896.2 |
  Orcish Mines |   2440 |   2237 |    203 |    558 |   1124 |   2 | 1220.0 |
               +--------+--------+--------+--------+--------+-----+--------+

Top non-repeatable levels by time:
 Snake:4: 3902 daAuts
 Snake:3: 3646 daAuts
 Snake:1: 2744 daAuts
  Lair:2: 1806 daAuts
  Lair:5: 1805 daAuts
   Orc:2: 1803 daAuts
     D:7: 1612 daAuts
    D:14: 1576 daAuts
  Lair:4: 1412 daAuts
    D:12: 1344 daAuts
 Snake:2: 1291 daAuts
     D:9: 1291 daAuts
     D:6: 1237 daAuts
     D:8: 1218 daAuts
  Lair:3: 1133 daAuts
